 Dungeon Crawl Stone Soup version 0.26.1-11-gd32895ea62 (webtiles) character file.

Game seed: 7844666197567182363

26 jlumianski the Caller (level 2, -2/11 HPs)
             Began as a Felid Summoner on May 5, 2021.
             Slain by a gnoll
             ... wielding a cursed -3 club
              (4 damage)
             ... on level 2 of the Dungeon.
             The game lasted 00:07:44 (1582 turns).

jlumianski the Caller (Felid Summoner)              Turns: 1582, Time: 00:07:44

Health: -2/11      AC:  1    Str:  4    XL:     2   Next: 89%
Magic:  6/6        EV: 18    Int: 16    God:
Gold:   109        SH:  0    Dex: 16    Spells: 2/5 levels left
                                        Lives:  0   Deaths: 0

rFire    . . .     SeeInvis +   (weapon unavailable)
rCold    . . .     Faith    .   (shield unavailable)
rNeg     . . .     Spirit   .   (armour unavailable)
rPois    .         Reflect  .   (helmet unavailable)
rElec    .         Harm     .   (cloak unavailable)
rCorr    .         Rampage  .   (gloves unavailable)
Will     .....                  (boots unavailable)
Stlth    +++.......             (no amulet)
HPRegen  0.03/turn              a - ring of flight
MPRegen  0.10/turn              (no ring)

@: quick
A: very small, no armour, no weapons or thrown items, stealth, claws 1, fangs 3,
see invisible, speed 1, shaggy fur 1, sharp paws
a: Evoke Flight


You were on level 2 of the Dungeon.
You visited 1 branch of the dungeon, and saw 2 of its levels.

You collected 109 gold pieces.

Inventory:

Jewellery
 a - a ring of flight (left paw)
Scrolls
 b - a scroll of remove curse
 c - a scroll of amnesia {unknown}
 e - a scroll of fog {unknown}
 f - 2 scrolls of identify {unknown}
Potions
 d - 2 potions of cancellation {unknown}


   Skills:
 + Level 2.7 Dodging
 + Level 3.2 Stealth
 + Level 2.4 Spellcasting
 + Level 4.5 Summonings


You had 2 spell levels left.
You knew the following spells:

 Your Spells              Type           Power        Failure   Level
a - Summon Small Mammal   Summ           64%          3%          1
b - Call Imp              Summ           16%          4%          2

Your spell library contained the following spells:

 Spells                   Type           Power        Failure   Level
 Call Canine Familiar     Summ           16%          10%         3
 Summon Guardian Golem    Hex/Summ       9%           24%         3
 Summon Ice Beast         Ice/Summ       9%           61%         4
 Summon Lightning Spire   Summ/Air       9%           61%         4


Dungeon Overview and Level Annotations

Branches:
Dungeon (2/15)

Altars:


Innate Abilities, Weirdness & Mutations

You cannot wear armour.
You are incapable of wielding weapons or throwing items.
Your paws allow you to move quietly. (Stealth)
You have sharp claws.
You have razor-sharp teeth.
You have supernaturally acute eyesight. (SInv)
You cover ground quickly.
You are covered in fur. (AC +1)
Your sharp claws are effective at attacking unaware monsters.


Message History

A beastly little devil appears in a puff of flame.
Your crimson imp misses the kobold.
The kobold hits your crimson imp with a cursed +0 short sword.
You swap places.
Your crimson imp hits the kobold.
The kobold dies!
You swap places.
You swap places.
You see here a cursed +0 short sword.
There is a stone staircase leading down here.
You start resting.
Your crimson imp disappears in a puff of smoke!
Magic restored.
You climb downwards.
Your summoned ally is left behind.
The gnoll completely misses you. The gnoll misses you. The gnoll hits you!
Ouch! That really hurt!
* * * LOW HITPOINT WARNING * * *
There is a stone staircase leading up, spattered with blood here.
The gnoll shouts!
The gnoll hits you with a cursed -3 club.
You die...

....#...# #
....#...##.#
...........#
#..g####
#......#
#......#
###....#
#..g.###.#
####@g...#
#######


You could see 3 gnolls.

Vanquished Creatures
  An ooze (D:1)
  A giant cockroach (D:1)
  A frilled lizard (D:1)
  A rat (D:1)
4 creatures vanquished.

Vanquished Creatures (collateral kills)
  A dart slug (D:1)
  A giant cockroach (D:1)
  5 goblins (D:1)
  2 hobgoblins (D:1)
  2 jackals (D:1)
  4 bats (D:1)
  4 frilled lizards (D:1)
  6 kobolds (D:1)
  2 rats (D:1)
27 creatures vanquished.

Grand Total: 31 creatures vanquished

Notes
Turn   | Place    | Note
-------+----------+-------------------------------------------
     0 | D:1      | jlumianski the Felid Summoner began the quest for the Orb.
     0 | D:1      | Reached XP level 1. HP: 7/7 MP: 4/4
   310 | D:1      | Reached XP level 2. HP: 10/11 MP: 1/6
   391 | D:1      | Learned a level 2 spell: Call Imp
  1582 | D:2      | Slain by a gnoll

Illustrated notes

Levels and vault maps discovered:
D:1:      dpeg_arrival_pits, layout_loops_ring, grunt_decor_fettered,
          minmay_misc_feat_chi, minmay_close_crescents
D:2:      layout_basic, tso_metal_star, overflow_temple_1_default, uniq_sigmund

Skill      XL: |  1  2 |
---------------+-------+-----
Stealth        | 3 |  3.2
Dodging        | |  2.7
Spellcasting   | |  2.4
Summonings     | |  4.5

Action                   || total
-------------------------++-------
Melee: Unarmed           ||    14
       Bite              ||     1
 Cast: Summon Small Mamm ||    22
       Call Imp          ||    19
  Use: Scroll            ||     1
 Stab: Sleeping          ||     4
       Distracted        ||     1
Armor: Skin              ||     3
Dodge: Dodged            ||    29
